 Dungeon Crawl Stone Soup version 0.28.0 (webtiles) character file.

Game seed: 10709729646488783801

11 eskoe the Skirmisher (level 2, -2/24 HPs)
             Began as a Demonspawn Abyssal Knight on Feb 11, 2022.
             Was a Follower of Lugonu.
             Killed from afar by a dart slug (5 damage)
             ... with a slug dart
             ... on level 1 of the Dungeon.
             The game lasted 00:02:30 (414 turns).

eskoe the Skirmisher (Demonspawn Abyssal Knight)     Turns: 414, Time: 00:02:30

Health: -2/24      AC:  3    Str: 13    XL:     2   Next: 17%
Magic:  3/3        EV: 11    Int: 11    God:    Lugonu [*.....]
Gold:   14         SH:  0    Dex: 13    Spells: 1/1 levels left

rFire   . . .      SeeInvis .   d - +0 long sword
rCold   . . .      Faith    .   (no shield)
rNeg    . . .      Spirit   .   b - +0 leather armour
rPois   .          Reflect  .   (no helmet)
rElec   .          Harm     .   (no cloak)
rCorr   .          Rampage  .   (no gloves)
Will    .....                   (no boots)
Stlth   +.........              (no amulet)
HPRegen 0.08/turn               (no ring)
MPRegen 0.16/turn               (no ring)

@: no status effects
A: magic regeneration
a: Renounce Religion, Depart the Abyss


You were on level 1 of the Dungeon.
You worshipped Lugonu.
Lugonu was aware of your devotion.
You visited 1 branch of the dungeon, and saw 1 of its levels.
You visited the Abyss 1 time.

You collected 14 gold pieces.

Inventory:

Hand Weapons
 a - a +1 hand axe
 d - a +0 long sword (weapon)
Armour
 b - a +0 leather armour (worn)
Potions
 c - a potion of mutation {unknown}


   Skills:
 + Level 3.3 Fighting
 + Level 2.0 Axes
 + Level 2.0 Armour
 + Level 0.8 Dodging
 + Level 2.4 Invocations


You had one spell level left.
You didn't know any spells.
Your spell library was empty.

Dungeon Overview and Level Annotations

Branches:
Dungeon (1/15)

Altars:


Innate Abilities, Weirdness & Mutations

You regenerate magic rapidly.


Message History

The bat hits you but does no damage. The dart slug launches a dart at you.
The slug dart hits you. The bat closely misses you.
You closely miss the bat. The bat closely misses you.
The bat barely misses you. The bat hits you but does no damage.
The bat barely misses you. The bat hits you but does no damage.
You barely miss the bat. The bat misses you. The bat closely misses you.
The bat hits you but does no damage. x2; The bat misses you.
You hit the bat.
You kill the bat!
Lugonu accepts your kill.
You can now depart the Abyss.
The bat hits you but does no damage. The endoplasm closely misses you.
Your Axes skill increases to level 2!
You hit the endoplasm.
The endoplasm is moderately wounded.
The bat hits you but does no damage. The endoplasm hits you.
The bat hits you but does no damage. The endoplasm barely misses you.
You hit the endoplasm.
The endoplasm is almost dead.
The bat hits you but does no damage. The endoplasm freezes you.
You are frozen.
* * * LOW HITPOINT WARNING * * *
You slash the endoplasm!
You kill the endoplasm!
Lugonu accepts your kill. The bat barely misses you.
You hit the dart slug.
The dart slug is heavily wounded.
The bat hits you but does no damage. The dart slug launches a dart at you.
The slug dart hits you.
* * * LOW HITPOINT WARNING * * *
You hit the dart slug but do no damage.
The dart slug is heavily wounded.
The bat hits you but does no damage. The dart slug launches a dart at you.
The slug dart hits you.
You die...

#..# #..# .... #.# ######
#..# .... #.# ......
.#..# ...##.##......
.#..# ............. ##..#
#........... ##..# ..
#........... ..<.# ...
#..bw.....(. ....# ...
#.@........
#######+#..#.##..########
####.......#............
...#.......#.....#######
...#.......#.....######
...#..................#
..++......8.....8.....#
..##..................#
...#..............#####


You could see a dart slug and a bat.

Vanquished Creatures
  A ball python (D:1)
  An endoplasm (D:1)
  A giant cockroach (D:1)
  2 goblins (D:1)
  A bat (D:1)
  2 frilled lizards (D:1)
  2 kobolds (D:1)
  2 rats (D:1)
12 creatures vanquished.

Notes
Turn   | Place    | Note
-------+----------+-------------------------------------------
     0 | Abyss:1  | eskoe the Demonspawn Abyssal Knight began the quest for the
                  | Orb.
     0 | Abyss:1  | Reached XP level 1. HP: 18/18 MP: 2/2
    51 | Abyss:3  | Noticed a chaos spawn
    51 | D:1      | Escaped the Abyss
   294 | D:1      | Gained mutation: You regenerate magic rapidly. [demonic
                  | ancestry]
   294 | D:1      | Reached XP level 2. HP: 19/24 MP: 3/3
   409 | D:1      | Reached * piety under Lugonu
   414 | D:1      | Killed from afar by a dart slug

Illustrated notes

Levels and vault maps discovered:
D:1:      minmay_arrival_stone_box, layout_basic, basic_ecumenical_altar,
          st_stairs_1

Skill      XL: |  1  2 |
---------------+-------+-----
Armour         | 2 |  2.0
Axes           | 2 |  2.0
Fighting       | |  3.3
Dodging        | |  0.8
Invocations    | |  2.4

Action                   || total
-------------------------++-------
Melee: Hand axe          ||    24
       Long sword        ||    12
Invok: Depart the Abyss  ||     1
Armor: Leather armour    ||    23
Dodge: Dodged            ||    22
